HS
DEER PARK HS FALCONS @ BISHOP GORMAN HS GAMBLERS
03/20/2060
 
TOP OF THE 1ST
Deer Park HS Falcons batting - Pitching for Bishop Gorman HS Gamblers : RHP Logan Gaylor
Pitching: RHP Logan Gaylor
Batting: RHB Kenny Dimick 0-0: Fly out, F4 (Popup, 4M, EV 60.6 MPH)
Batting: RHB Kellen Brenning 0-0: Ground out 6-3 (Groundball, 6S, EV 66.2 MPH)
Batting: LHB David Hankins 0-0: Ball
1-0: Ball
2-0: Ball
3-0: Called Strike
3-1: Foul Ball, location: 2F
3-2: Ground out 6-3 (Groundball, 6M, EV 78.8 MPH)
Top of the 1st over - 0 runs, 0 hits, 0 errors, 0 left on base; Deer Park HS 0 - Bishop Gorman HS 0
BOTTOM OF THE 1ST
Bishop Gorman HS Gamblers batting - Pitching for Deer Park HS Falcons : RHP Tommy Donovan
Pitching: RHP Tommy Donovan
Batting: RHB Bradley Snyder 0-0: SINGLE (Line Drive, 5D, EV 96.9 MPH)
Batting: LHB Robin Pippin 0-0: Ball
Bradley Snyder steals 2nd base (no throw)
1-0: Ball
2-0: Ball
3-0: Swinging Strike
3-1: Foul Ball, location: 2F
3-2: Foul Ball, location: 2F
3-2: Foul Ball, location: 2F
3-2: Foul Ball, location: 2F
3-2: Foul Ball, location: 2F
3-2: Strikes out swinging
Batting: RHB Wilmer Carrico 0-0: Ball
1-0: Ball
2-0: Foul Ball, location: 2F
2-1: Foul Ball, location: 2F
2-2: Foul Ball, location: 2F
2-2: Fly out, F4 (Popup, 4MS, EV 64.4 MPH)
Batting: LHB Chase Chamberlain 0-0: Foul Ball, location: 2F
0-1: Swinging Strike
0-2: Ground out U3 (Groundball, 3L, EV 87.5 MPH)
Bottom of the 1st over - 0 runs, 1 hit, 0 errors, 1 left on base; Deer Park HS 0 - Bishop Gorman HS 0
TOP OF THE 2ND
Deer Park HS Falcons batting - Pitching for Bishop Gorman HS Gamblers : RHP Logan Gaylor
Batting: RHB Emmett Bei 0-0: Ball
1-0: Ground out U3 (Groundball, 13, EV 81.2 MPH)
Batting: SHB Brian Schmitz 0-0: Ball
1-0: Fly out, F7 (Flyball, 7S, EV 90.6 MPH)
Batting: RHB Mather Saiki 0-0: Foul Ball, location: 2F
0-1: Ball
1-1: Swinging Strike
1-2: Ball
2-2: Strikes out swinging
Top of the 2nd over - 0 runs, 0 hits, 0 errors, 0 left on base; Deer Park HS 0 - Bishop Gorman HS 0
BOTTOM OF THE 2ND
Bishop Gorman HS Gamblers batting - Pitching for Deer Park HS Falcons : RHP Tommy Donovan
Batting: RHB Max Burke 0-0: Called Strike
0-1: Called Strike
0-2: Ball
1-2: Ball
2-2: SINGLE (Groundball, 6MD, EV 108.8 MPH)
Batting: RHB Ted Snyder 0-0: Ball
1-0: Foul Ball, location: 2F
1-1: Ball
Max Burke steals 2nd base
2-1: Ground out 4-3 (Groundball, 4S, EV 69.4 MPH)
Max Burke to third
Batting: SHB Jim Pansch 0-0: Ground out 1-3 (Groundball, 34S, EV 63.8 MPH)
Batting: RHB Christian Van Tuyl 0-0: Ball
1-0: Called Strike
1-1: Reached on error, E6 (Groundball, 6, EV 82.5 MPH)
Max Burke scores
Batting: RHB Quintin Chew 0-0: Ball
1-0: Foul Ball, location: 2F
1-1: Ball
2-1: Called Strike
2-2: SINGLE (Groundball, 56D, EV 102.5 MPH)
Christian Van Tuyl to second
Runner from 2nd tries for 3rd, SAFE, no throw by LF
Batting: RHB Bradley Snyder 0-0: Ball
1-0: Fielders Choice at 2nd, U4 (Groundball, 4M, EV 90.0 MPH)
Bottom of the 2nd over - 1 run, 2 hits, 1 error, 2 left on base; Deer Park HS 0 - Bishop Gorman HS 1
TOP OF THE 3RD
Deer Park HS Falcons batting - Pitching for Bishop Gorman HS Gamblers : RHP Logan Gaylor
Batting: RHB Cody Baker 0-0: Ball
1-0: Called Strike
1-1: Foul Ball, location: 2F
1-2: Fly out, F8 (Flyball, 78S, EV 85.0 MPH)
Batting: RHB Keenan Buckhalter 0-0: Ball
1-0: Swinging Strike
1-1: Swinging Strike
1-2: Ball
2-2: Ball
3-2: Foul Ball, location: 2F
3-2: Strikes out swinging
Batting: RHB Corey Palmer 0-0: Ball
1-0: Ball
2-0: Called Strike
2-1: Fly out, F8 (Flyball, 8RD, EV 101.2 MPH)
Top of the 3rd over - 0 runs, 0 hits, 0 errors, 0 left on base; Deer Park HS 0 - Bishop Gorman HS 1
BOTTOM OF THE 3RD
Bishop Gorman HS Gamblers batting - Pitching for Deer Park HS Falcons : RHP Tommy Donovan
Batting: LHB Robin Pippin 0-0: Foul Ball, location: 2F
0-1: SINGLE (Groundball, 6MD, EV 100.6 MPH)
Batting: RHB Wilmer Carrico 0-0: Called Strike
0-1: Ball
1-1: Fly out, F8 (Flyball, 8LM, EV 76.2 MPH)
Batting: LHB Chase Chamberlain 0-0: Called Strike
0-1: Ball
1-1: Ball
2-1: Fielders Choice at 2nd, 4-6 (Groundball, 34D, EV 86.9 MPH)
Pitching: RHP Lacy Howe
Batting: RHB Max Burke 0-0: Ball
1-0: Ball
2-0: Ball
3-0: Foul Ball, location: 2F
3-1: Foul Ball, location: 2F
3-2: Strikes out swinging
Bottom of the 3rd over - 0 runs, 1 hit, 0 errors, 1 left on base; Deer Park HS 0 - Bishop Gorman HS 1
TOP OF THE 4TH
Deer Park HS Falcons batting - Pitching for Bishop Gorman HS Gamblers : RHP Logan Gaylor
Batting: RHB Kenny Dimick 0-0: Foul Ball, location: 2F
0-1: Fly out, F7 (Flyball, 7, EV 86.2 MPH)
Batting: RHB Kellen Brenning 0-0: Swinging Strike
0-1: Swinging Strike
0-2: Strikes out swinging
Batting: LHB David Hankins 0-0: SINGLE (Groundball, 56D, EV 101.9 MPH)
Batting: RHB Emmett Bei 0-0: Called Strike
0-1: Ball
1-1: Swinging Strike
1-2: Ball
2-2: Foul Ball, location: 2F
2-2: Foul Ball, location: 2F
2-2: Foul Ball, location: 2F
2-2: Ball
3-2: Foul Ball, location: 2F
3-2: Foul Ball, location: 2F
3-2: Base on Balls
David Hankins to second
Batting: SHB Brian Schmitz 0-0: Called Strike
0-1: Ball
1-1: Ball
2-1: Ball
Wild Pitch!
David Hankins to third
Emmett Bei to second
3-1: Called Strike
3-2: SINGLE (Groundball, 34D, EV 77.5 MPH) (infield hit)
David Hankins scores
Emmett Bei to third
Batting: RHB Mather Saiki 0-0: DOUBLE (Flyball, 78XD, EV 93.8 MPH)
Emmett Bei scores
Brian Schmitz to third
Runner from 3rd tries for Home, SAFE, throw by CF to home
Batting: RHB Cody Baker 0-0: Ground out 6-3 (Groundball, 6, EV 86.9 MPH)
Top of the 4th over - 3 runs, 3 hits, 0 errors, 1 left on base; Deer Park HS 3 - Bishop Gorman HS 1
BOTTOM OF THE 4TH
Bishop Gorman HS Gamblers batting - Pitching for Deer Park HS Falcons : RHP Lacy Howe
Batting: RHB Ted Snyder 0-0: Called Strike
0-1: Ball
1-1: Swinging Strike
1-2: Strikes out swinging
Batting: SHB Jim Pansch 0-0: Called Strike
0-1: Called Strike
0-2: Foul Ball, location: 2F
0-2: Foul Ball, location: 2F
0-2: Ball
1-2: SINGLE (Line Drive, 4D, EV 98.8 MPH)
Batting: RHB Christian Van Tuyl 0-0: Ball
1-0: Ball
2-0: Foul Ball, location: 2F
2-1: Ball
3-1: SINGLE (Flyball, 8LS, EV 95.6 MPH)
Jim Pansch to second
Batting: RHB Quintin Chew 0-0: Ball
1-0: Ball
2-0: Ball
3-0: Base on Balls
Jim Pansch to third
Christian Van Tuyl to second
Batting: RHB Bradley Snyder 0-0: Ball
1-0: Fielders Choice at 2nd, 6-4 (Groundball, 6, EV 88.8 MPH)
Jim Pansch scores
Christian Van Tuyl to third
Batting: LHB Robin Pippin 0-0: Ball
1-0: Called Strike
1-1: Foul Ball, location: 2F
1-2: SINGLE (Groundball, 56D, EV 100.6 MPH)
Christian Van Tuyl scores
Bradley Snyder to second
Batting: LHB Adonis Sleet 0-0: Ground out 4-3 (Groundball, 4, EV 80.0 MPH)
Bottom of the 4th over - 2 runs, 3 hits, 0 errors, 2 left on base; Deer Park HS 3 - Bishop Gorman HS 3
TOP OF THE 5TH
Deer Park HS Falcons batting - Pitching for Bishop Gorman HS Gamblers : RHP Logan Gaylor
Batting: RHB Keenan Buckhalter 0-0: Called Strike
0-1: Ball
1-1: Fly out, F7 (Flyball, 7, EV 83.1 MPH)
Batting: RHB Corey Palmer 0-0: Foul Ball, location: 2F
0-1: Ball
1-1: Foul Ball, location: 2F
1-2: Ground out 5-3 (Groundball, 56S, EV 74.4 MPH)
Batting: RHB Kenny Dimick 0-0: Ball
1-0: Ball
2-0: Ball
3-0: Called Strike
3-1: Base on Balls
Batting: RHB Kellen Brenning 0-0: Called Strike
Kenny Dimick steals 2nd base
0-1: Ball
1-1: Called Strike
1-2: 2-RUN HOME RUN (Flyball, 7D, EV 108.1 MPH), Distance : 401 ft
Pitching: RHP Grant Nuckols
Batting: LHB David Hankins 0-0: Called Strike
0-1: DOUBLE (Line Drive, 78XD, EV 105.6 MPH)
Batting: RHB Emmett Bei 0-0: Called Strike
0-1: Ball
1-1: SINGLE (Groundball, 6MD, EV 96.9 MPH)
David Hankins to third
Runner from 3rd tries for Home, throw by CF and OUT! 8-2
Top of the 5th over - 2 runs, 3 hits, 0 errors, 1 left on base; Deer Park HS 5 - Bishop Gorman HS 3
BOTTOM OF THE 5TH
Bishop Gorman HS Gamblers batting - Pitching for Deer Park HS Falcons : RHP Lacy Howe
Batting: LHB Chase Chamberlain 0-0: Called Strike
0-1: Ball
1-1: Called Strike
1-2: Ball
2-2: SINGLE (Flyball, 78S, EV 87.5 MPH)
Batting: RHB Max Burke 0-0: Foul Ball, location: 2F
0-1: Swinging Strike
0-2: Ball
1-2: Ball
2-2: Ball
3-2: Base on Balls
Chase Chamberlain to second
Batting: RHB Ted Snyder 0-0: Called Strike
0-1: Ball
1-1: Ball
2-1: Swinging Strike
2-2: SINGLE (Groundball, 5S, EV 69.4 MPH) (infield hit)
Chase Chamberlain to third
Max Burke to second
Pitching: LHP Dominick Rogers
Batting: SHB Jim Pansch 0-0: Called Strike
0-1: Foul Ball, location: 2F
0-2: Foul Ball, location: 2F
0-2: Ball
1-2: Foul Ball, location: 2F
1-2: Ball
2-2: Ball
3-2: Fly out, F8 (Flyball, 8RD, EV 91.9 MPH)
Runner from 3rd tags up, SCORES, throw by CF
Max Burke to third
Batting: RHB Christian Van Tuyl 0-0: Ball
1-0: Called Strike
1-1: Foul Ball, location: 2F
1-2: Strikes out looking
Batting: RHB Quintin Chew 0-0: Ball
1-0: Ball
2-0: Swinging Strike
2-1: Ball
3-1: Fly out, F9 (Flyball, 9, EV 85.6 MPH)
Bottom of the 5th over - 1 run, 2 hits, 0 errors, 2 left on base; Deer Park HS 5 - Bishop Gorman HS 4
TOP OF THE 6TH
Deer Park HS Falcons batting - Pitching for Bishop Gorman HS Gamblers : RHP Grant Nuckols
Batting: SHB Brian Schmitz 0-0: Ball
1-0: Ball
2-0: Called Strike
2-1: Called Strike
2-2: Fly out, F5 (Popup, 25, EV 85.6 MPH)
Batting: RHB Mather Saiki 0-0: Ball
1-0: Foul Ball, location: 2F
1-1: Foul Ball, location: 2F
1-2: Ball
2-2: Foul Ball, location: 2F
2-2: SOLO HOME RUN (Flyball, 7D, EV 106.2 MPH), Distance : 396 ft
Batting: RHB Cody Baker 0-0: Called Strike
0-1: Swinging Strike
0-2: Foul Ball, location: 2F
0-2: Ground out 1-3 (Groundball, 13S, EV 70.6 MPH)
Batting: RHB Keenan Buckhalter 0-0: Swinging Strike
0-1: Ground out 1-3 (Groundball, 13S, EV 61.9 MPH)
Top of the 6th over - 1 run, 1 hit, 0 errors, 0 left on base; Deer Park HS 6 - Bishop Gorman HS 4
BOTTOM OF THE 6TH
Bishop Gorman HS Gamblers batting - Pitching for Deer Park HS Falcons : LHP Dominick Rogers
Batting: RHB Bradley Snyder 0-0: Called Strike
0-1: SINGLE (Line Drive, 9S, EV 108.8 MPH)
Batting: LHB Robin Pippin 0-0: Ball
Bradley Snyder steals 2nd, throwing error, E2
Bradley Snyder to third
1-0: Called Strike
1-1: Swinging Strike
1-2: Ball
2-2: Strikes out swinging
Batting: LHB Adonis Sleet 0-0: Called Strike
0-1: Ball
1-1: Ball
2-1: SINGLE (Groundball, 34D, EV 97.5 MPH)
Bradley Snyder scores
Batting: LHB Chase Chamberlain 0-0: Foul Ball, location: 2F
0-1: Ball
1-1: Called Strike
1-2: DOUBLE (Line Drive, 78XD, EV 105.6 MPH)
Adonis Sleet to third
Batting: RHB Max Burke 0-0: Foul Ball, location: 2F
0-1: Called Strike
0-2: Foul Ball, location: 2F
0-2: Ball
1-2: Strikes out looking
Batting: RHB Ted Snyder 0-0: Ball
1-0: Called Strike
1-1: SINGLE (Line Drive, 8LS, EV 93.8 MPH)
Adonis Sleet scores
Chase Chamberlain to third
Runner from 3rd tries for Home, throw by CF and OUT! 8-2
Bottom of the 6th over - 2 runs, 4 hits, 1 error, 1 left on base; Deer Park HS 6 - Bishop Gorman HS 6
TOP OF THE 7TH
Deer Park HS Falcons batting - Pitching for Bishop Gorman HS Gamblers : RHP Grant Nuckols
Pinch Hitting: LHB Weston Moore 0-0: SOLO HOME RUN (Flyball, 78XD, EV 113.8 MPH), Distance : 454 ft
Batting: RHB Kenny Dimick 0-0: Ball
1-0: Ground out 6-3 (Groundball, 6MS, EV 89.4 MPH)
Batting: RHB Kellen Brenning 0-0: Swinging Strike
0-1: Ball
1-1: SINGLE (Line Drive, 7S, EV 109.4 MPH)
Batting: LHB David Hankins 0-0: Fly out, F9 (Flyball, 89D, EV 84.4 MPH)
Batting: RHB Emmett Bei 0-0: Swinging Strike
0-1: Ball
1-1: Ball
2-1: SINGLE (Line Drive, 8RS, EV 87.5 MPH)
Kellen Brenning to second
Runner from 2nd tries for 3rd, OUT! 9-5
Top of the 7th over - 1 run, 3 hits, 0 errors, 1 left on base; Deer Park HS 7 - Bishop Gorman HS 6
BOTTOM OF THE 7TH
Bishop Gorman HS Gamblers batting - Pitching for Deer Park HS Falcons : LHP Dominick Rogers
Now at 2B: Keegan Cotner
Batting: SHB Jim Pansch 0-0: Ball
1-0: Ball
2-0: Fly out, F7 (Flyball, 7, EV 87.5 MPH)
Batting: RHB Christian Van Tuyl 0-0: Foul Ball, location: 2F
0-1: Ball
1-1: Ball
2-1: Swinging Strike
2-2: Ball
3-2: Strikes out swinging
Batting: RHB Quintin Chew 0-0: Ball
1-0: Ball
2-0: Ball
3-0: Base on Balls
Pitching: RHP Dominick Barba
Batting: RHB Bradley Snyder 0-0: Ball
1-0: Called Strike
1-1: Foul Ball, location: 2F
1-2: SINGLE (Groundball, 6S, EV 70.6 MPH) (infield hit)
Quintin Chew to second
Batting: LHB Robin Pippin 0-0: Called Strike
0-1: Called Strike
0-2: Ball
1-2: Ground out 4-3 (Groundball, 4, EV 99.4 MPH)
Bottom of the 7th over - 0 runs, 1 hit, 0 errors, 2 left on base; Deer Park HS 7 - Bishop Gorman HS 6
TOP OF THE 8TH
Deer Park HS Falcons batting - Pitching for Bishop Gorman HS Gamblers : RHP Grant Nuckols
Batting: SHB Brian Schmitz 0-0: Called Strike
0-1: Ground out 5-3 (Groundball, 56, EV 89.4 MPH)
Batting: RHB Mather Saiki 0-0: Foul Ball, location: 2F
0-1: Swinging Strike
0-2: Ball
1-2: Foul Ball, location: 2F
1-2: Ball
2-2: Foul Ball, location: 2F
2-2: Strikes out swinging
Batting: RHB Cody Baker 0-0: Called Strike
0-1: Swinging Strike
0-2: Strikes out looking
Top of the 8th over - 0 runs, 0 hits, 0 errors, 0 left on base; Deer Park HS 7 - Bishop Gorman HS 6
BOTTOM OF THE 8TH
Bishop Gorman HS Gamblers batting - Pitching for Deer Park HS Falcons : RHP Dominick Barba
Batting: LHB Adonis Sleet 0-0: Foul Ball, location: 2F
0-1: Called Strike
0-2: Strikes out looking
Batting: LHB Chase Chamberlain 0-0: Ball
1-0: Ball
2-0: Foul Ball, location: 2F
2-1: Called Strike
2-2: Strikes out looking
Batting: RHB Max Burke 0-0: Fly out, F8 (Flyball, 8LD, EV 90.6 MPH)
Bottom of the 8th over - 0 runs, 0 hits, 0 errors, 0 left on base; Deer Park HS 7 - Bishop Gorman HS 6
TOP OF THE 9TH
Deer Park HS Falcons batting - Pitching for Bishop Gorman HS Gamblers : RHP Grant Nuckols
Batting: RHB Keenan Buckhalter 0-0: Ball
1-0: Ball
2-0: Called Strike
2-1: Ball
3-1: Called Strike
3-2: Foul Ball, location: 2F
3-2: Foul Ball, location: 2F
3-2: Strikes out looking
Batting: RHB Keegan Cotner 0-0: Called Strike
0-1: Called Strike
0-2: Ball
1-2: Foul Ball, location: 2F
1-2: Fly out, F9 (Flyball, 9LS, EV 81.9 MPH)
Batting: RHB Kenny Dimick 0-0: DOUBLE (Groundball, 5L, EV 96.2 MPH)
Pitching: RHP Parker Zielenski
Batting: RHB Kellen Brenning 0-0: Foul Ball, location: 2F
0-1: SINGLE (Groundball, 34D, EV 108.1 MPH)
Kenny Dimick to third
Runner from 3rd tries for Home, SAFE, throw by RF to home
Batting: LHB David Hankins 0-0: Ball
1-0: Swinging Strike
1-1: Fly out, F8 (Flyball, 8RM, EV 93.1 MPH)
Top of the 9th over - 1 run, 2 hits, 0 errors, 1 left on base; Deer Park HS 8 - Bishop Gorman HS 6
BOTTOM OF THE 9TH
Bishop Gorman HS Gamblers batting - Pitching for Deer Park HS Falcons : RHP Dominick Barba
Pitching: LHP Chase Touchstone
Batting: RHB Ted Snyder 0-0: Ball
1-0: Ball
2-0: Called Strike
2-1: Foul Ball, location: 2F
2-2: Foul Ball, location: 2F
2-2: Ground out 6-3 (Groundball, 6, EV 84.4 MPH)
Batting: SHB Jim Pansch 0-0: Called Strike
0-1: SINGLE (Line Drive, 4MD, EV 94.4 MPH)
Batting: RHB Christian Van Tuyl 0-0: Fly out, F7 (Flyball, 7LSF, EV 91.2 MPH)
Batting: RHB Quintin Chew 0-0: Called Strike
0-1: Ball
1-1: Ground out 4-3 (Groundball, 4, EV 82.5 MPH)
Bottom of the 9th over - 0 runs, 1 hit, 0 errors, 1 left on base; Deer Park HS 8 - Bishop Gorman HS 6
Wednesday, April 17th , 2024 - OOTP Baseball 23.10 Build 110